 Dungeon Crawl Stone Soup version 0.31.0-32-g396128a36d (webtiles) character file.

Game seed: 11140996452806507149

105085 Hirorubie the Severer (level 16, -16/125 HPs)
             Began as a Formicid Fighter on Mar 20, 2024.
             Was the Champion of Zin.
             Killed from afar by Jorgrun (59 damage)
             ... with an iron shot
             ... on level 1 of the Spider Nest.
             The game lasted 02:20:57 (22924 turns).

Hirorubie the Severer (Formicid Fighter)           Turns: 22924, Time: 02:20:58

Health: -16/125    AC: 29    Str: 36    XL:     16   Next: 94%
Magic:  26/26      EV: 12    Int: 17    God:    Zin [******]
Gold:   210        SH: 13    Dex: 24    Spells: 15/15 levels left

rFire   + . .        M - +7 battleaxe (freeze)
rCold   + . .        c - +0 buckler
rNeg    + . .        n - +7 chain mail of the Hidden Brambles {rF+ Int+4 Dex+3}
rPois   ∞            (helmet unavailable)
rElec   +            N - scarf {repulsion}
rCorr   .            X - +2 pair of gloves
SInv    +            C - +1 pair of boots
Will    +....        l - amulet of the Leaf {Reflect rElec rC+ Str+2 Dex+3 SH+5}
Stlth   +            Q - ring "Xojeofusm" {rPois rN+}
HPRegen 0.40/turn    G - +4 ring of protection
MPRegen 0.20/turn

%: repel missiles, reflection
@: vitalised
A: permanent stasis, dig shafts and tunnels, antennae 3, four strong arms
a: Dig, Shaft Self, Renounce Religion, Recite, Vitalisation, Imprison,
Sanctuary, Donate Gold


You were on level 1 of the Spider Nest.
You worshipped Zin.
Zin was exalted by your worship.
You visited 5 branches of the dungeon, and saw 20 of its levels.
You visited 1 bazaar.
You also visited: Volcano.

You collected 2436 gold pieces.
You spent 2030 gold pieces at shops.
You donated 196 gold pieces to Zin.

Inventory:

Hand Weapons
 j - a +0 hand cannon of flaming
 M - a +7 battleaxe of freezing (weapon)
 R - a +0 arbalest
Missiles
 o - 3 atropa-tipped darts (quivered)
 y - 7 throwing nets
Armour
 c - a +0 buckler (worn)
 n - the +7 chain mail of the Hidden Brambles (worn) {rF+ Int+4 Dex+3}
   (You found it on level 5 of the Dungeon)

   Int+4:     It affects your intelligence (+4).
   Dex+3:     It affects your dexterity (+3).
   rF+:       It protects you from fire.
 C - a +1 pair of boots (worn)
 N - a scarf of repulsion (worn)
 X - a +2 pair of gloves (worn)
Jewellery
 e - a ring of magical power
 l - the amulet of the Leaf (around neck) {Reflect rElec rC+ Str+2 Dex+3 SH+5}
   (You took it off a gnoll sergeant on level 8 of the Dungeon)

   [amulet of reflection]

   Reflect:   It reflects blocked missile attacks.
   Str+2:     It affects your strength (+2).
   Dex+3:     It affects your dexterity (+3).
   rC+:       It protects you from cold.
   rElec:     It insulates you from electricity.
   SH+5:      It affects your SH (+5).
 p - an amulet of regeneration
 t - a ring of willpower
 B - a +6 ring of intelligence
 G - a +4 ring of protection (right hand)
 P - a ring of fire
 Q - the ring "Xojeofusm" (left hand) {rPois rN+}
   (You bought it in a shop on level 2 of the Orcish Mines)

   [ring of poison resistance]

   rPois:     It protects you from poison rN+: It protects you from negative
   energy.
 S - a +6 ring of strength
Wands
 w - a wand of acid (17)
 x - a wand of charming (33)
 D - a wand of flame (41)
 O - a wand of mindburst (6)
 V - a wand of roots (2)
Scrolls
 g - 2 scrolls of poison
 h - 4 scrolls of immolation
 m - 2 scrolls of silence
 q - 3 scrolls of noise
 u - 3 scrolls of butterflies
 A - 2 scrolls of fog
 E - 4 scrolls of amnesia
 H - 3 scrolls of fear
 J - a scroll of revelation
 Y - a scroll of enchant armour
Potions
 a - 2 potions of enlightenment
 d - 2 potions of magic
 i - a potion of ambrosia
 r - a potion of resistance
 s - 5 potions of brilliance
 v - 2 potions of heal wounds
 z - a potion of might
 I - 7 potions of curing
 K - 4 potions of attraction
 L - a potion of degeneration
 U - 3 potions of mutation
Miscellaneous
 b - a condenser vane
 T - a sack of spiders
 Z - a lightning rod (4/4)


   Skills:
 - Level 11.0 Fighting
 - Level 4.0 Short Blades
 - Level 18.0 Axes
 - Level 2.0 Ranged Weapons
 - Level 11.0 Armour
 - Level 4.0 Dodging
 - Level 5.0 Stealth
 - Level 11.0 Shields
 - Level 14.0 Invocations
 + Level 5.0 Evocations


You had 15 spell levels left.
You didn't know any spells.
Your spell library contained the following spells:

 Spells                   Type           Power      Damage    Failure   Level
 Sandblast                Erth           0%         2d4       56%         1
 Ensorcelled Hibernation  Hex/Ice        0%         N/A       71%         2
 Lesser Beckoning         Tloc           0%         N/A       71%         2
 Momentum Strike          Conj/Tloc      0%         3d8       71%         2
 Dazzling Flash           Conj/Hex       0%         N/A       90%         3
 Fugue of the Fallen      Necr           0%         N/A       90%         3
 Ozocubu's Armour         Ice            0%         N/A       90%         3
 Passwall                 Erth           0%         N/A       90%         3
 Sigil of Binding         Hex            0%         N/A       90%         3
 Stone Arrow              Conj/Erth      0%         3d7       90%         3
 Volatile Blastmotes      Fire/Tloc      0%         2d10      90%         3
 Brom's Barrelling Bould  Conj/Erth      0%         2d3       100%        4
 Cause Fear               Hex            0%         N/A       100%        4
 Ignite Poison            Fire/Alch      0%         N/A       100%        4
 Manifold Assault         Tloc           0%         N/A       100%        4
 Sticky Flame             Fire/Alch      0%         2d4       100%        4
 Fireball                 Conj/Fire      0%         3d3       100%        5
 Starburst                Conj/Fire      0%         6d3       100%        6
 Ignition                 Fire           0%         3d3       100%        8
 Maxwell's Capacitive Co  Air            0%         ∞         100%        8
 Dragon's Call            Summ           0%         N/A       100%        9
 Polar Vortex             Ice            0%         N/A       100%        9
 Blink                    Tloc           Unusable   N/A       N/A         2

Dungeon Overview and Level Annotations

Branches:
Dungeon (11/15)            Temple (1/1) D:4            Lair (5/5) D:9
 Shoals (0/4) Lair:2       Spider (1/4) Lair:2        Slime (0/5) Lair:4
    Orc (2/2) D:11            Elf (0/3) Orc:2       Volcano (visited)

Altars:
Ashenzari
Cheibriados
Dithmenos
Elyvilon
Fedhas
Gozag
Hepliaklqana
Kikubaaqudgha
Makhleb
Nemelex Xobeh
Okawaru
Qazlal
Ru
Sif Muna
Trog
Uskayaw
Vehumet
Wu Jian
Xom
Yredelemnul
Zin
The Shining One
Jiyva

Shops:
D:1 *   Orc:1 ?   Orc:2 (:===!

Annotations:
Spider:1 Jorgrun


Innate Abilities, Weirdness & Mutations

You cannot be hasted, slowed, berserked, paralysed or teleported.
You can dig through walls and to a lower floor.
You have a pair of large antennae on your head. (SInv)
Your four strong arms can wield two-handed weapons with a shield.


Message History

Your Axes skill increases to level 18!
You need to enable at least one skill for training.
Okay, then.
Aiming: Corrosive Bolt
Press: ? - help, Shift-Dir - straight line, f - Jorgrun
Aim: Jorgrun, wielding a staff of earth and wearing a +0 robe (lightly wounded, 57% to hit)
The bolt of acid hits Jorgrun!!
The acid corrodes Jorgrun!
Jorgrun is moderately wounded.
Jorgrun barely misses you.
You slash Jorgrun! You freeze Jorgrun.
Jorgrun is heavily wounded.
The jumping spider leaps!
An entropy weaver comes into view.
A culicivora comes into view.
Jorgrun hits you but does no damage. The ground beneath you fractures!!
You closely miss Jorgrun.
Jorgrun is heavily wounded.
Jorgrun hits you but does no damage.
You barely miss Jorgrun.
Jorgrun is heavily wounded.
You closely miss Jorgrun.
Jorgrun is heavily wounded.
Jorgrun says, "A few more walls knocked out 'ere an' thar an' 'tis whole place will come crashin' down."
Jorgrun closely misses you.
You slice Jorgrun!! You freeze Jorgrun.
Jorgrun is severely wounded.
Jorgrun gestures at you while chanting. The iron shot hits you!
A redback comes into view.
You hear a skittering sound.
You barely miss Jorgrun.
Jorgrun is severely wounded.
You slice the entropy weaver!! You freeze the entropy weaver!
A jumping spider comes into view.
The entropy weaver hits you! You block the entropy weaver's attack.
The entropy weaver hits you but does no damage. x2
The culicivora chitters at the jumping spider.
The jumping spider is healed somewhat.
Jorgrun gestures at you while chanting. The iron shot hits you!!!
You die...

#... #....#...
.....#....... .....#......
.....#..... ##........
#........ , ##....B.#, { {
{{{ ss...sg@##### {
............####
.#^.#..s....#..######
#.,#.........##...^# ,
#....†..........#
#.#..##........###
###...###........###
##^......##.........#
#######.........#^....#^.##


You could see Jorgrun (corroded), an entropy weaver, a culicivora, 2 jumping
spiders and a redback.

Vanquished Creatures
  Rupert (Orc:2)
  The ghost of rundlesten the Warrior, an adept MiBe of Trog (Lair:4)
  A ghost moth (Spider:1)
  The ghost of Seimis the Severer, a journeyman FoFi of Makhleb (Lair:1)
  A broodmother (Spider:1)
  The ghost of Ciut the Covert, a journeyman OpDe of Gozag (Lair:5)
  Nessos (Lair:4)
  A hydra (Lair:5)
  The ghost of Alphaeus the Mimic, a novice TrSh of Qazlal (D:10)
  A merfolk avatar (Lair:5)
  A radroach (Spider:1)
  A tengu warrior (D:9)
  2 two-headed ogres (D:11)
  3 death yaks (Lair:5)
  2 demonic crawlers (Spider:1)
  6 orc high priests
  3 skysharks
  The ghost of jimmypageman the Cleaver, a novice MiFi of Okawaru (D:8)
  A sea snake (Lair:5)
  7 orc knights (Orc:2)
  A steelbarb worm (Spider:1)
  3 orc sorcerers
  2 wolf spiders (Spider:1)
  A deep elf pyromancer (D:9)
  A cyclops (D:8)
  4 ugly things
  2 manticores
  A centaur zombie (D:10)
  A kobold blastminer (Orc:1)
  10 elephants
  4 black mambas
  An orange demon (Orc:2)
  A smoke demon (Volcano)
  A torpor snail (Spider:1)
  3 rime drakes
  16 cane toads
  2 unseen horrors
  An unseen horror zombie (D:10)
  7 komodo dragons
  3 kobold demonologists (D:11)
  6 trolls
  A merfolk (D:8)
  A red devil (Volcano)
  2 hornets
  8 tarantellas
  5 polar bears
  A raiju (Orc:2)
  26 blink frogs
  2 snapping turtles (Lair:5)
  A wind drake (Lair:2)
  2 slime creatures (Lair:4)
  A shadow (D:11)
  4 jumping spiders (Spider:1)
  2 culicivoras (Spider:1)
  43 yaks
  2 wargs (Orc:2)
  A basilisk (Lair:2)
  A fire bat (Orc:2)
  4 wyverns
  6 redbacks
  3 steam dragons (Lair:5)
  Edmund (D:6)
  An acid dragon (D:8)
  2 swamp worms (Lair:1)
  3 hell hounds
  13 water moccasins
  A sky beast (D:7)
  3 ice beasts
  27 orc warriors
  3 black bears
  10 wolves
  6 ogres
  10 centaurs
  2 phantoms
  4 kobold brigands
  8 bullfrogs
  5 scorpions
  2 gnoll sergeants
  35 wights
  10 killer bees
  4 howler monkeys
  An electric eel (Lair:1)
  3 bombardier beetles
  25 orc priests
  2 gnoll boudas
  6 hounds
  4 jellies
  2 sleepcaps
  Natasha (thrice) (D:4)
  5 iguanas
  8 orc wizards
  10 hell rats (Lair:3)
  28 gnolls
  8 adders
  2 white imps (D:5)
  2 ufetubi (D:5)
  3 dart slugs
  A ribbon worm (D:4)
  70 orcs
  6 ball pythons
  3 endoplasms
  3 giant cockroaches
  2 goblins
  8 hobgoblins
  7 jackals
  3 quokkas (D:5)
  7 bats
  A frilled lizard (D:2)
  12 kobolds
  8 rats
617 creatures vanquished.

Vanquished Creatures (others)
  A death yak (Lair:5)
  2 orcs
3 creatures vanquished.

Grand Total: 620 creatures vanquished

Notes
Turn   | Place    | Note
-------+----------+-------------------------------------------
     0 | D:1      | Hirorubie the Formicid Fighter began the quest for the Orb.
     0 | D:1      | Reached XP level 1. HP: 18/18 MP: 1/1
   403 | D:1      | Found a faded altar of an unknown god.
   408 | D:1      | Found Joggix Lidgho's Assorted Antiques.
   452 | D:1      | Reached XP level 2. HP: 25/25 MP: 2/2
   739 | D:1      | Reached skill level 1 in Stealth
  1156 | D:2      | Reached XP level 3. HP: 30/30 MP: 3/3
  1370 | D:2      | Reached XP level 4. HP: 37/37 MP: 4/4
  1398 | D:2      | Reached skill level 1 in Short Blades
  2649 | D:4      | Reached skill level 1 in Ranged Weapons
  2649 | D:4      | Reached XP level 5. HP: 22/42 MP: 5/5
  2881 | D:4      | Found a staircase to the Ecumenical Temple.
  2891 | Temple   | Entered the Ecumenical Temple
  2927 | Temple   | Became a worshipper of Zin the Law-Giver
  2927 | Temple   | Reached * piety under Zin
  2964 | D:4      | Noticed Natasha
  2970 | D:4      | Killed Natasha
  2971 | D:4      | Reached skill level 1 in Invocations
  2994 | D:4      | Reached XP level 6. HP: 48/48 MP: 5/7
  3070 | D:4      | Reached skill level 5 in Shields
  3611 | D:4      | Reached XP level 7. HP: 54/54 MP: 9/9
  3973 | D:4      | Noticed Natasha
  3984 | D:4      | Killed Natasha
  4339 | D:4      | Noticed Natasha
  4351 | D:4      | Killed Natasha
  4399 | D:5      | Entered Level 5 of the Dungeon
  4409 | D:5      | Reached skill level 5 in Fighting
  4480 | D:4      | Reached skill level 1 in Evocations
  4897 | D:5      | Reached XP level 8. HP: 50/62 MP: 11/11
  4983 | D:5      | Identified the +7 chain mail of the Hidden Brambles {rF+
                  | Int+4 Dex+3}
  5087 | D:5      | Reached skill level 5 in Invocations
  5245 | D:5      | Noticed a yak
  5245 | D:5      | Noticed an unseen horror
  5266 | D:5      | Killed an unseen horror
  5271 | D:5      | Killed a yak
  5467 | D:5      | Reached XP level 9. HP: 68/68 MP: 15/15
  5726 | D:5      | Reached ** piety under Zin
  6134 | D:5      | Reached skill level 1 in Dodging
  6926 | D:6      | Reached *** piety under Zin
  7151 | D:6      | Noticed Edmund
  7173 | D:6      | Killed Edmund
  7324 | D:6      | Reached skill level 5 in Stealth
  7992 | D:7      | Reached **** piety under Zin
  7993 | D:7      | Reached XP level 10. HP: 68/77 MP: 16/16
  8032 | D:6      | Reached skill level 3 in Axes
  8140 | D:7      | Reached skill level 4 in Axes
  8245 | D:7      | Reached skill level 5 in Axes
  8527 | D:7      | Reached ***** piety under Zin
  8574 | D:7      | Reached skill level 6 in Axes
  8795 | D:8      | Found a transporter.
  8798 | D:8      | Found a transporter.
  8798 | D:8      | Noticed jimmypageman's ghost (novice MiFi)
  8803 | D:8      | Noticed a cyclops
  8955 | D:8      | Reached skill level 10 in Invocations
  9928 | D:8      | Identified the +8 long sword of Amorality {speed, +Blink}
  9928 | D:8      | Identified the amulet of the Leaf {Reflect rElec rC+ Str+2
                  | Dex+3 SH+5}
 10161 | D:8      | Found a shimmering altar of Xom.
 10271 | D:8      | Found a sparkling altar of Nemelex Xobeh.
 10511 | D:8      | Killed a cyclops
 10512 | D:8      | Reached skill level 7 in Axes
 10512 | D:8      | Reached XP level 11. HP: 82/84 MP: 19/19
 10527 | D:8      | Killed jimmypageman's ghost
 10612 | D:9      | Noticed a cyan ugly thing
 10614 | D:9      | Reached skill level 8 in Axes
 10623 | D:8      | Killed a cyan ugly thing
 10779 | D:9      | Noticed a deep elf pyromancer
 10787 | D:9      | Killed a deep elf pyromancer
 10788 | D:9      | Reached skill level 9 in Axes
 10891 | D:9      | Noticed a red ugly thing
 10902 | D:9      | Killed a red ugly thing
 10904 | D:9      | Noticed a tengu warrior
 10924 | D:9      | Killed a tengu warrior
 10925 | D:9      | Reached skill level 10 in Axes
 11086 | D:9      | Found a radiant altar of Vehumet.
 11176 | D:9      | Found a staircase to the Lair.
 11179 | D:9      | Reached ****** piety under Zin
 11280 | D:9      | Found a glowing golden altar of the Shining One.
 11531 | Lair:1   | Entered Level 1 of the Lair of Beasts
 11882 | Lair:1   | Reached skill level 11 in Axes
 11882 | Lair:1   | Reached XP level 12. HP: 92/92 MP: 21/21
 12000 | Lair:1   | Found an opulent altar of Gozag.
 12219 | Lair:1   | Reached skill level 12 in Axes
 12393 | Lair:1   | Found a large runed translucent door.
 12394 | Lair:1   | Found a large runed translucent door.
 12406 | Lair:1   | Noticed Seimis's ghost (journeyman FoFi)
 12437 | Lair:1   | Killed Seimis's ghost
 12873 | Lair:2   | Reached skill level 10 in Shields
 13038 | Lair:2   | Found a hole to the Spider Nest.
 13105 | Lair:2   | Reached skill level 5 in Evocations
 13108 | Lair:2   | Reached XP level 13. HP: 80/101 MP: 22/22
 13398 | Lair:2   | Reached skill level 13 in Axes
 13484 | Lair:2   | Found a staircase to the Shoals.
 14122 | Lair:3   | Reached skill level 14 in Axes
 15139 | Lair:4   | Noticed Nessos
 15144 | Lair:4   | Killed Nessos
 15145 | Lair:4   | Reached skill level 15 in Axes
 15614 | Lair:4   | Found a staircase to the Slime Pits.
 15614 | Lair:4   | Found a viscous altar of Jiyva.
 15650 | Lair:4   | Found a runed translucent door.
 15651 | Lair:4   | Noticed rundlesten's ghost (adept MiBe)
 15666 | Lair:4   | Killed rundlesten's ghost
 15876 | Lair:4   | Reached XP level 14. HP: 108/108 MP: 23/23
 16136 | Lair:5   | Entered Level 5 of the Lair of Beasts
 16228 | Lair:5   | Reached skill level 16 in Axes
 16555 | Lair:5   | Reached skill level 5 in Armour
 16692 | Lair:5   | Found a large runed translucent door.
 16693 | Lair:5   | Found a large runed translucent door.
 16703 | Lair:5   | Noticed Ciut's ghost (journeyman OpDe)
 16733 | Lair:5   | Killed Ciut's ghost
 17288 | Lair:5   | Reached skill level 10 in Armour
 17681 | Lair:5   | Got the Codex of Azure Hexes
 18016 | D:10     | Entered Level 10 of the Dungeon
 18160 | D:10     | Found a runed translucent gate.
 18160 | D:10     | Found a runed translucent gate.
 18160 | D:10     | Found a runed translucent gate.
 18160 | D:10     | Noticed Alphaeus's ghost (novice TrSh)
 18162 | D:10     | Found a basalt altar of Yredelemnul.
 18197 | D:10     | Killed Alphaeus's ghost
 18620 | D:10     | Found a burning altar of Makhleb.
 18964 | D:11     | Found a staircase to the Orcish Mines.
 18972 | D:11     | Reached XP level 15. HP: 114/114 MP: 24/24
 19432 | Orc:1    | Entered Level 1 of the Orcish Mines
 19547 | Orc:1    | Found Wuma's Magic Scroll Boutique.
 19553 | Orc:1    | Bought a scroll of identify for 24 gold pieces
 19553 | Orc:1    | Bought a scroll of noise for 12 gold pieces
 19553 | Orc:1    | Bought a scroll of amnesia for 48 gold pieces
 19553 | Orc:1    | Bought a scroll of immolation for 48 gold pieces
 19553 | Orc:1    | Bought a scroll of revelation for 90 gold pieces
 19553 | Orc:1    | Bought a scroll of enchant armour for 90 gold pieces
 19553 | Orc:1    | Bought a scroll of silence for 114 gold pieces
 19553 | Orc:1    | Bought a scroll of identify for 24 gold pieces
 19596 | Orc:2    | Entered Level 2 of the Orcish Mines
 19600 | Orc:2    | Found a flickering gateway to a bazaar.
 19639 | Orc:2    | Reached skill level 10 in Fighting
 19720 | Bazaar   | Entered a bazaar
 19720 | Bazaar   | Found Keerupp's General Store.
 19741 | Bazaar   | Found Loppiq's Antique Weapon Shop.
 19761 | Bazaar   | Found Rineir's Antique Armour Shop.
 19812 | Orc:2    | Found a dark tunnel.
 19831 | Volcano  | Entered a volcano
 19972 | Volcano  | Identified the +0 hat "Ica Zuwn" {Str+3 Stlth+}
 20247 | Orc:2    | Found Asil's Weapon Shoppe.
 21000 | Orc:2    | Found a shimmering altar of Xom.
 21091 | Orc:2    | Found Kukael's Book Shop.
 21129 | Orc:2    | Found a staircase to the Elven Halls.
 21147 | Orc:2    | Noticed Rupert
 21161 | Orc:2    | Killed Rupert
 21820 | Orc:2    | Found Xiluduip's Distillery.
 21820 | Orc:2    | Found Gepna Rusor's Jewellery Shop.
 21821 | Orc:2    | Found Roxigoub's Jewellery Shop.
 21821 | Orc:2    | Found Gufreur's Jewellery Boutique.
 21849 | Orc:2    | Bought a potion of experience for 700 gold pieces
 21867 | Orc:2    | Reached skill level 17 in Axes
 21867 | Orc:2    | Reached XP level 16. HP: 125/125 MP: 26/26
 21887 | Orc:2    | Bought the ring "Xojeofusm" {rPois rN+} for 530 gold pieces
 21941 | Orc:2    | Bought a ring of willpower for 350 gold pieces
 22137 | Spider:1 | Entered Level 1 of the Spider Nest
 22553 | Spider:1 | Noticed Jorgrun
 22918 | Spider:1 | Reached skill level 18 in Axes
 22924 | Spider:1 | Killed from afar by Jorgrun

Illustrated notes

Levels and vault maps discovered:
D:1:      dpeg_arrival_court, layout_loops_corners,
          ebering_ecumenical_altar_box, serial_shops, shop
D:2:      layout_rooms, minmay_indecisive_spiral
D:3:      layout_loops_ring
D:4:      layout_basic, minmay_temple_entry_mini_moons, dreamdust_gnoll_farm,
          uniq_natasha
D:5:      kennysheep_windowed_halls, layout_loops_ring, minivault_23,
          kennysheep_small_square
D:6:      layout_loops_ring, kennysheep_generic_room_12, uniq_edmund
D:7:      layout_basic
D:8:      layout_basic, mainiacjoe_overflow_tiny_flanked, gammafunk_ghost_arena,
          minmay_misc_feat_diagonals, roadster_trireme
D:9:      layout_cave_pools, nicolae_vehumet_radiance,
          mainiacjoe_overflow_brackets, dpeg_oklobed_lair, kb_rosetta
D:10:     layout_gridville, nicolae_yredelemnul_ghost_church,
          kennysheep_little_box, roderic_lattice_a,
          chequers_hall_statues_corner_a, minmay_statues_item
D:11:     layout_cave_pools, david_orc_2, minmay_misc_feat_nine_boxes,
          eino_tiny_chamber, serial_bayou_pond_a
Temple:   nicolae_temple_bog_church
Lair:1:   layout_chaotic_city, basic_altar, ebering_ghost_disaster_area,
          pdpol_lair_neglected_garden, st_stairs_13,
          grunt_forest_small_clearings, worms_lemuel, lemuel_fruit_fields,
          infiniplex_staircase_pool, serial_bayou_shore_a
Lair:2:   layout_misc_corridors, minmay_shoals_entry_beasts,
          spider_nest_entry_web_field, serial_forest, infiniplex_forest_lined_1,
          infiniplex_forest_corner_2, infiniplex_forest_zigzag_1,
          infiniplex_forest_clump_cross, infiniplex_forest_clump_diagonal,
          infiniplex_forest_split, infiniplex_forest_clump_small,
          serial_bayou_shore_b
Lair:3:   layout_roguey
Lair:4:   layout_regular_city, minmay_slime_entry_pillars,
          gammafunk_ghost_grave, uniq_nessos
Lair:5:   gammafunk_lair_ancient_temple, layout_gridlike,
          ebering_ghost_disaster_area, serial_bayou_shore_b
Spider:1: layout_spider_delve, nicolae_spider_circle_web, uniq_jorgrun
Orc:1:    layout_diamond_mine, serial_shops, nicolae_shop_pleasant_corner_grove,
          statue_in_the_mist_lemuel, bh_open_orc_temple
Orc:2:    st_orc_pillars, layout_diamond_mine, lightli_volcano_entry_magma_tube,
          serial_shops, bzr_in_the_mist, shop,
          nicolae_shop_bloodbath_and_beyond, regret_index_xom_of_box,
          uniq_rupert

Skill      XL: |  1  2  3  4  5  6  7  8  9 10 11 12 13 14 15 16 |
---------------+-------------------------------------------------+-----
Fighting       | 4 5 7 8 9 11 | 11.0
Stealth        | 1 3 4 5 |  5.0
Short Blades   | 2 3 4 |  4.0
Ranged Weapons | 1 2 |  2.0
Armour         | 4 11 | 11.0
Invocations    | 2 3 4 8 9 11 12 14 | 14.0
Shields        | 5 7 10 11 | 11.0
Evocations     | 2 5 |  5.0
Dodging        | 2 4 |  4.0
Axes           | 7 11 12 15 16 17 18 | 18.0

Action                     |  1- 3 |  4- 6 |  7- 9 | 10-12 | 13-15 | 16-18 || total
---------------------------+-------+-------+-------+-------+-------+-------++-------
  Melee: War axe           |    54 |       |       |     6 |       |       ||    60
         Dagger            |    22 |   123 |   471 |     4 |       |       ||   620
         Rapier            |       |       |    49 |       |       |       ||    49
         Short sword       |       |       |    21 |   194 |       |       ||   215
         Battleaxe         |       |       |       |   313 |   740 |   101 ||  1154
   Fire: Sling             |       |    41 |    18 |       |       |       ||    59
  Throw: Dart              |       |       |       |     1 |     2 |       ||     3
 Invoke: Recite            |       |       |    21 |    22 |    29 |     2 ||    74
         Vitalisation      |       |       |       |     1 |     4 |     3 ||     8
         Sanctuary         |       |       |       |     1 |     1 |       ||     2
Ability: Dig               |       |     1 |     2 |       |       |       ||     3
  Evoke: Wand              |       |       |       |     2 |    10 |     1 ||    13
         Condenser vane    |       |       |       |     1 |     2 |       ||     3
         Sack of spiders   |       |       |       |       |     1 |       ||     1
         Lightning rod     |       |       |       |       |     1 |       ||     1
    Use: Potion            |       |     2 |     2 |       |     2 |     1 ||     7
         Scroll            |       |       |     9 |     2 |     8 |     5 ||    24
   Stab: Confused          |       |       |     3 |    17 |    11 |       ||    31
         Invisible         |       |       |     2 |     1 |     4 |       ||     7
         Paralysed         |       |       |       |     1 |    16 |       ||    17
 Armour: Scale mail        |    40 |    83 |    80 |       |       |       ||   203
         Chain mail        |       |       |   243 |   339 |   381 |   144 ||  1107
  Dodge: Dodged            |    39 |    38 |   167 |   216 |   203 |    58 ||   721
         Repelled          |       |       |       |     3 |     5 |       ||     8
  Block: Buckler           |    19 |    21 |   127 |   254 |   372 |    92 ||   885
         Reflection        |       |       |       |    14 |    14 |       ||    28
